 Dungeon Crawl Stone Soup version 0.31.0-1-g2c135a008e (webtiles) character file.

Game seed: 4450538112900128834

95 qw the Shooter (level 4, -7/35 HPs)
             Began as a Djinni Hunter on Jan 24, 2024.
             Killed from afar by a white imp (13 damage)
             ... with a puff of frost
             ... on level 3 of the Dungeon.
             The game lasted 00:00:06 (1422 turns).

qw the Shooter (Djinni Hunter)                      Turns: 1422, Time: 00:00:07

Health: -7/35      AC:  5    Str: 10    XL:     4   Next: 95%
Gold:   65         EV: 11    Int: 10    God:
                   SH:  0    Dex: 19

rFire   + + .        a - +0 shortbow
rCold   x . .        (shield currently unavailable)
rNeg    . . .        g - +0 ring mail
rPois   inf          (no helmet)
rElec   .            (no cloak)
rCorr   .            (no gloves)
SInv    .            (boots unavailable)
Will    .....        (no amulet)
Stlth   +            (no ring)
HPRegen 0.25/turn    (no ring)
MPRegen 0.00/turn

%: infuse magic (-8 HP)
@: flying
A: sickness immunity, fire resistance 2, cold vulnerability 1, float, innate
caster, HP casting, extra vitality 1
a: no special abilities


You were on level 3 of the Dungeon.
You visited 1 branch of the dungeon, and saw 3 of its levels.

You collected 65 gold pieces.


Innate Abilities, Weirdness & Mutations

You are immune to sickness and miasma.
You are immune to poison.
Your flesh is very heat resistant. (rF++)
You are vulnerable to cold. (rC-)
You float through the air rather than walking.
You learn spells naturally, not from books.
Your magical power is your life essence.
You have superior vitality. (+4 MHP)


   Skills:
 - Level 3.0 Fighting
 + Level 4.3 Ranged Weapons
 - Level 1.1 Armour
 - Level 2.1 Dodging
 - Level 0.7 Stealth


You knew the following spells:

 Your Spells              Type           Power      Damage    Failure   Level
a - Sandblast             Erth           0%         2d4       67%         1
Your spell library was empty.

Inventory:

Hand Weapons
 a - a +0 shortbow (weapon)
Armour
 g - a +0 ring mail (worn)
Jewellery
 f - a ring of fire
Scrolls
 b - a scroll of blinking {unknown}
Potions
 c - a potion of lignification {unknown}
 j - a potion of heal wounds
 k - 3 potions of curing

Dungeon Overview and Level Annotations

Branches:
Dungeon (3/15)

Altars:


Message History

The adder misses you. The adder bites you.
You shoot an arrow. The arrow barely misses the adder.
The adder bites you but does no damage. The adder bites you.
You shoot an arrow. The arrow hits the adder.
The adder is heavily wounded.
The adder barely misses you.
You shoot an arrow.
The arrow hits the adder but does no damage.
The adder is heavily wounded.
The adder barely misses you. The adder bites you but does no damage.
You shoot an arrow. The arrow hits the adder.
The adder is almost dead.
The adder misses you. The adder bites you.
You shoot an arrow. The arrow hits the adder.
You kill the adder!
You start resting.
A white imp comes into view.
You shoot an arrow. The white imp shouts!
The arrow hits the white imp.
The white imp is lightly wounded.
The white imp grins evilly.
You shoot an arrow. The arrow barely misses the white imp.
You shoot an arrow. The arrow hits the white imp.
The white imp is heavily wounded.
You shoot an arrow. The arrow hits the white imp.
The white imp is severely wounded.
The white imp gestures at you. The puff of frost hits you!
You feel a terrible chill!
You shoot an arrow. The arrow hits the white imp.
The white imp is almost dead.
You shoot an arrow. The arrow closely misses the white imp.
The white imp gestures at you. The puff of frost misses you.
You shoot an arrow. The arrow closely misses the white imp.
The white imp gestures at you. The puff of frost hits you!
You feel a terrible chill! The white imp gestures at you.
The puff of frost hits you!
You feel a terrible chill!
You die...

#?# .## #.#
##.$#####........ #.#
#............|... . #.#
#......[......... .# #.#
#................ ..##.#
#............)...
...#.###................
...<............$.......
...#.###)......5@.......
..##.###..........%.....
.# #....................
# #.###.......)........
#.# #................
..# #................
#.# #................
#..................
#.#..............)


You could see a white imp.

Vanquished Creatures
  6 adders
  2 endoplasms
  2 giant cockroaches
  4 goblins
  4 hobgoblins
  8 kobolds
  2 quokkas
  2 ball pythons
  3 bats (D:1)
  7 frilled lizards
  6 rats
46 creatures vanquished.

Notes
Turn   | Place    | Note
-------+----------+-------------------------------------------
     0 | D:1      | qw the Djinni Hunter began the quest for the Orb.
     0 | D:1      | Reached XP level 1. HP: 18/18 MP: 0/0
     0 | D:1      | 0 ||| qw: Version: 0.3-a-136-gdd3b4e8
     0 | D:1      | 0 ||| qw: Game counter: 1401
     0 | D:1      | 0 ||| qw: Melee chars always use a shield: true
     0 | D:1      | 0 ||| qw: God list: Okawaru
     0 | D:1      | 0 ||| qw: Allow faded altars: false
     0 | D:1      | 0 ||| qw: Do Orc after clearing Dungeon:15 true
     0 | D:1      | 0 ||| qw: Do second Lair branch before Depths: true
     0 | D:1      | 0 ||| qw: Lair rune preference: random
     0 | D:1      | 0 ||| qw: Goals: Normal
     0 | D:1      | 0 ||| PLANNING D:1-11
    83 | D:1      | Reached XP level 2. HP: 23/23 MP: 0/0
   604 | D:1      | Reached XP level 3. HP: 28/28 MP: 0/0
   604 | D:1      | Learned a level 1 spell: Sandblast
   720 | D:1      | 720 ||| UPGRADING to +0 ring mail.
   730 | D:1      | 730 ||| DROPPING +0 leather armour.
   731 | D:1      | 731 ||| READING scroll labelled DEHACE HIOFUU.
   731 | D:1      | 731 ||| IDENTIFYING sapphire potion
   732 | D:1      | 732 ||| READING scroll labelled PIAKHL POS NORAG.
   733 | D:1      | 733 ||| READING scroll labelled KUDECSIPRYR.
   734 | D:1      | 734 ||| READING scroll labelled FOMI HI LIDGH.
   739 | D:1      | 739 ||| DRINKING 2 dark potions.
   740 | D:1      | 740 ||| DROPPING scroll of butterflies.
   791 | D:2      | Reached skill level 4 in Ranged Weapons
   932 | D:2      | Reached skill level 1 in Armour
   982 | D:2      | Reached XP level 4. HP: 34/34 MP: 0/0
  1336 | D:2      | 1336 ||| READING scroll of identify.
  1336 | D:2      | 1336 ||| IDENTIFYING inky potion
  1337 | D:2      | 1337 ||| DROPPING potion of brilliance.
  1350 | D:3      | 1350 ||| STAIRDANCE
  1354 | D:2      | Reached skill level 3 in Fighting
  1364 | D:3      | 1364 ||| STAIRDANCE
  1422 | D:3      | HP: 6/35 [white imp/puff of frost (12)]
  1422 | D:3      | Killed from afar by a white imp

Levels and vault maps discovered:
D:1:      dpeg_arrival_signposts, layout_basic, st_stairs_12,
          minmay_stone_trees_small
D:2:      layout_basic
D:3:      layout_loops_ring, shapermc_ecumenical_altar_mp_vishouse,
          wad_floor_pattern_2, dk_vineyard_3, uniq_terence

Skill      XL: |  1  2  3  4 |
---------------+-------------+-----
Ranged Weapons | 4 |  4.3
Armour         | 1 |  1.1
Fighting       | 3 |  3.0
Dodging        | |  2.1
Stealth        | |  0.7

Action                     |  1- 3 |  4- 6 || total
---------------------------+-------+-------++-------
   Fire: Shortbow          |    96 |    66 ||   162
    Use: Scroll            |     4 |     1 ||     5
         Potion            |     1 |       ||     1
 Armour: Leather armour    |     5 |       ||     5
         Ring mail         |    10 |    26 ||    36
  Dodge: Dodged            |    21 |    21 ||    42

Table legend:
 A = Non-vault XP
 B = Vault XP
 C = Vault XP percentage of total XP
 D = Non-vault monster count
 E = Vault monster count
 F = Vault count percentage of total count
                 A         B        C        D         E       F
            +---------+---------+-------+---------+---------+-------
      Total |     135 |       1 |   0.7 |      45 |       1 |   2.2
            +---------+---------+-------+---------+---------+-------
        D:1 |      28 |       1 |   3.4 |      20 |       1 |   4.8
        D:2 |      86 |       0 |   0.0 |      19 |       0 |   0.0
        D:3 |      21 |       0 |   0.0 |       6 |       0 |   0.0
            +---------+---------+-------+---------+---------+-------
